[Event "Early-Titled-Tuesday-Blitz-October-24-2023"]
[Site "Chess.com"]
[Date "2023.10.24"]
[Round "6"]
[White "IsaqueGoncalvesSanto"]
[Black "aranibos"]
[Result "1/2-1/2"]
[WhiteElo "1829"]
[BlackElo "2277"]
[TimeControl "180+1"]
[EndTime "9:04:12 PDT"]
[Termination "Game drawn by repetition"]

1. d4 c6 2. c4 d5 3. Nc3 Nf6 4. Nf3 e6 5. Bg5 dxc4 6. a4 Bb4 7.
e4 Qa5 8. Bd2 Bxc3 9. Bxc3 Qc7 10.
e5 Nd5 11. Bxc4 b6 12. O-O Ba6 13. Nd2 Bxc4 14. Nxc4 O-O 15. Nd6 f5 16. Rc1 Nd7 17. b4 Rad8 18. f4 c5 19. Qe2 cxb4 20. Bxb4 Qb8 21. Ba3 a5 22. Rc2 Nb4 23. Bxb4 axb4 24. Qb5 Qa8 25. Qxb4 Qd5 26. Qc4 Qxc4 27. Rxc4 Ra8 28.
Rc7 Rfd8 29. Ra1 h6 30. Kf2 Kh7 31. Nf7 Rdc8 32. Rxd7 Rc2+ 33. Kg1 Rac8 34. Nd6 R8c3 35. Ne8 Rd3 36. Rxg7+ Kh8 37. Rd7 Rdd2 38. Nf6 Rxg2+ 39. Kf1 Rcf2+ 40. Ke1 Re2+ 41. Kd1 Rd2+ 42. Kc1 Rc2+ 43.
Kb1 Rb2+ 44. Kc1 Rgc2+ 45. Kd1 Rd2+ 46. Ke1 Re2+ 47. Kd1 Red2+ 48. Ke1 Re2+ 49. Kf1 Rf2+ 50. Ke1 Rfe2+ 1/2-1/2

[Event "Early-Titled-Tuesday-Blitz-October-24-2023"]
[Site "Chess.com"]
[Date "2023.10.24"]
[Round "6"]
[White "mary-sanna"]
[Black "carloseduar100"]
[Result "1-0"]
[WhiteElo "2217"]
[BlackElo "2309"]
[TimeControl "180+1"]
[EndTime "9:04:13 PDT"]
[Termination "mary-sanna won by checkmate"]

1. d4 d5 2. c4 e5 3. dxe5 d4 4. Nf3 Nc6 5. Nbd2 Bg4 6. Nb3 Bxf3 7. exf3 Bb4+ 8. Bd2 Qe7 9. a3 Qxe5+ 10. Qe2 Bd6 11. c5 Qxe2+ 12. Bxe2 Be5 13. Bb5 Ne7 14. O-O O-O-O 15. Rfe1 Bf6 16. Re4 a6 17. Bc4 Nd5 18. Rae1 d3 19. Bc1 Nde7 20. Bxf7 Nd4 21. Nxd4 Rxd4 22.
Rxd4 Bxd4 23. Rxe7 Bxb2 24. Bxb2 d2 25. Bb3 Rd8 26.
Bd1 g6 27. Kf1 Rd5 28. Bc3 h5 29. Ke2 Rxc5 30. Bxd2 g5 31. g4 hxg4 32. fxg4 Kd8 33. Rg7 Re5+ 34. Kf3 Rd5 35. Bxg5+ Kc8 36. Be2 b5 37.
Bh4 Rd2 38. Ke3 Ra2 39. Be7 Kd7 40. Bc5+ Kc6 41. Bb4 a5 42. Bf3+ Kb6 43. Bf8 b4 44.
axb4 a4 45. Rg6+ Kb5 46. Rg5+ Kb6 47. Ra5 Ra3+ 48. Kf4 Ra2 49. Bc5# 1-0

[Event "Early-Titled-Tuesday-Blitz-October-24-2023"]
[Site "Chess.com"]
[Date "2023.10.24"]
[Round "6"]
[White "gueraumasague"]
[Black "vovachesss"]
[Result "0-1"]
[WhiteElo "2491"]
[BlackElo "2784"]
[TimeControl "180+1"]
[EndTime "9:04:15 PDT"]
[Termination "vovachesss won by resignation"]

1. e4 Nf6 2. Nc3 d5 3. e5 Nfd7 4. f4 c5 5. Nf3 Nc6 6. d4 cxd4 7.
Nxd4 Nxd4 8. Qxd4 e6 9. Bb5 a6 10. Bxd7+ Bxd7 11. Be3 Rc8 12. O-O-O Rc4 13. Qd2 Bb4 14.
Bd4 O-O 15. a3 Bc5 16. Bxc5 Rxc5 17. Ne2 Qb6 18. Nd4 Rfc8 19. Kb1 Rc4 20. c3 Qc5 21. Rc1 a5 22. Rhd1 b5 23. b4 Qb6 24. Kb2 Be8 25.
f5 Bd7 26. f6 gxf6 27. exf6 Kh8 28. Qh6 Rg8 29. Rd3 e5 30. Rh3 Bxh3 31. gxh3 exd4 0-1

[Event "Early-Titled-Tuesday-Blitz-October-24-2023"]
[Site "Chess.com"]
[Date "2023.10.24"]
[Round "6"]
[White "GiorgianBarbosa"]
[Black "gpsji27"]
[Result "1-0"]
[WhiteElo "2412"]
[BlackElo "2282"]
[TimeControl "180+1"]
[EndTime "9:04:17 PDT"]
[Termination "GiorgianBarbosa won by resignation"]

1. c4 e6 2. g3 d5 3. Bg2 Nf6 4. Nf3 Be7 5. O-O O-O 6. b3 c5 7. cxd5 exd5 8. d4 b6 9. Nc3 Bb7 10. Ba3 Nbd7 11. dxc5 bxc5 12. Na4 Rc8 13. Rc1 Ne4 14. Nd2 Nxd2 15. Qxd2 Re8 16. Rfd1 Bg5 17. e3 Be7 18. Bxd5 Bxd5 19. Qxd5 Nb6 20. Qxd8 Rexd8 21. Rxd8+ Rxd8 22. Bxc5 Bxc5 23. Rxc5 Nxa4 24. bxa4 g6 25.
Rc7 Rd1+ 26. Kg2 a5 27. Rc5 Rd2 28. Rxa5 Rxa2 29. Ra7 Kg7 30. g4 Kf6 31. h4 h5 32.
g5+ Ke6 33. a5 Ra4 34. Kg3 Rg4+ 35. Kh3 Ra4 36. a6 Ra2 37. Kg3 Ra4 38. Ra8 Rg4+ 39. Kh3 Ra4 40. a7 Ke7 41. Kg3 Rg4+ 42. Kf3 Ra4 43.
Ke2 Ra3 44. Kd2 Ra2+ 45. Kc3 Ra6 46. f4 Ra3+ 47. Kb4 Ra1 48. e4 Rb1+ 49. Kc3 Ra1 50.
f5 Ra3+ 51. Kb4 Ra1 52. f6+ Kd7 53. Rf8 1-0

[Event "Early-Titled-Tuesday-Blitz-October-24-2023"]
[Site "Chess.com"]
[Date "2023.10.24"]
[Round "6"]
[White "Malikova777"]
[Black "salomez"]
[Result "1-0"]
[WhiteElo "2243"]
[BlackElo "2338"]
[TimeControl "180+1"]
[EndTime "9:04:19 PDT"]
[Termination "Malikova777 won by resignation"]

1. d4 Nf6 2. c4 g6 3. Nc3 Bg7 4. e4 d6 5. Be2 O-O 6. Be3 Nbd7 7. Nf3 e5 8. O-O Re8 9. d5 a5 10. Nd2 Rf8 11. f4 Ne8 12. f5 gxf5 13. exf5 Nc5 14. Bxc5 dxc5 15. Nde4 b6 16. Bh5 Kh8 17. g4 Nd6 18.
Nxd6 cxd6 19. Ne4 f6 20. Kh1 Bh6 21. h4 Rg8 22. Rg1 Bf4 23. Bf7 Rg7 24. Be6 Rb8 25. a4 Bd7 26. Bxd7 Qxd7 27. Nxf6 Qe7 28. g5 Rf8 29.
Qg4 Be3 30. Rg2 Bd4 31. Ne4 Qd7 32. f6 Rgf7 33. Qxd7 Rxd7 34. Rf1 Kg8 35. b3 Kf7 36. h5 Rg8 37. Rg4 Rdd8 38. Kg2 Rd7 39. Kf3 Rdd8 40. Ng3 Rd7 41. Ke4 Rdd8 42. Nf5 Rd7 43. Nh6+ 1-0

[Event "Early-Titled-Tuesday-Blitz-October-24-2023"]
[Site "Chess.com"]
[Date "2023.10.24"]
[Round "6"]
[White "chess123456s"]
[Black "dawid498"]
[Result "1-0"]
[WhiteElo "2545"]
[BlackElo "2675"]
[TimeControl "180+1"]
[EndTime "9:04:20 PDT"]
[Termination "chess123456s won on time"]

1. e4 g6 2. d4 Bg7 3. Nc3 c6 4. f4 d5 5. e5 h5 6. Nf3 Bg4 7.
h3 Bxf3 8. Qxf3 h4 9. Bd3 e6 10. O-O Ne7 11. Ne2 Nd7 12. b3 Nf5 13. c4 Bf8 14. Bb2 Be7 15. Rac1 Qa5 16. Bc3 Bb4 17. Bxb4 Qxb4 18. cxd5 Nxd4 19. Nxd4 Qxd4+ 20. Kh1 exd5 21. e6 fxe6 22. Bxg6+ Kd8 23. f5 Ne5 24. Qe2 Kc7 25. Rcd1 Qe4 26. Qxe4 dxe4 27. Rde1 exf5 28. Bxf5 Rae8 29. Rxe4 Nd7 30. Rxe8 Rxe8 31. Bxd7 Kxd7 32. Rf4 Rh8 33. Rf7+ Kc8 34. g4 hxg3 35. Kg2 Rg8 36. h4 a5 37. h5 a4 38. h6 axb3 39. axb3 Rh8 40. h7 Kb8 41. Kxg3 Ka7 42. Kg4 Ka6 43.
Kg5 c5 44. Kg6 b5 45. Rf4 b4 46. Kg7 1-0

[Event "Early-Titled-Tuesday-Blitz-October-24-2023"]
[Site "Chess.com"]
[Date "2023.10.24"]
[Round "6"]
[White "Barmen_EV"]
[Black "falzehope0"]
[Result "1-0"]
[WhiteElo "2502"]
[BlackElo "2326"]
[TimeControl "180+1"]
[EndTime "9:04:21 PDT"]
[Termination "Barmen_EV won by resignation"]

1. e4 d5 2. exd5 Nf6 3. Bb5+ Nbd7 4. Bc4 a6 5. Bb3 Nb6 6. c4 g6 7. Nf3 Bg7 8. O-O O-O 9. Nc3 h6 10. d4 Nbd7 11. Re1 b6 12. Be3 Bb7 13. c5 c6 14.
dxc6 Bxc6 15. d5 Bb5 16. a4 bxc5 17. axb5 axb5 18. Rxa8 Qxa8 19. Nxb5 Qb7 20. Qd3 Rc8 21. Bc4 Ng4 22. Bf4 Nb6 23. h3 Nf6 24. d6 e6 25.
Be5 Nbd5 26. Bxd5 exd5 27. Bxf6 Bxf6 28. Nc7 d4 29. Re8+ Kg7 30. Rxc8 Qxc8 31. Qe4 Qd7 32. Ne8+ Kf8 33. Nxf6 Qxd6 34. Ne5 d3 35. Ned7+ Kg7 36. Ne8+ Kh7 37. Ndf6+ Kh8 38. Nxd6 h5 39. Qe8+ Kg7 40.
Nde4 d2 41. Qg8+ 1-0

[Event "Early-Titled-Tuesday-Blitz-October-24-2023"]
[Site "Chess.com"]
[Date "2023.10.24"]
[Round "6"]
[White "Iskusnyh"]
[Black "kidagent"]
[Result "1-0"]
[WhiteElo "2581"]
[BlackElo "2271"]
[TimeControl "180+1"]
[EndTime "9:04:21 PDT"]
[Termination "Iskusnyh won by resignation"]

1. d4 d5 2. c4 c6 3. Nf3 Nf6 4.
e3 e6 5. Bd3 Nbd7 6. b3 Bd6 7.
Bb2 O-O 8. O-O Qe7 9. Ne5 g6 10.
Nd2 Ne8 11. Qc2 Bxe5 12. dxe5 b6 13. cxd5 cxd5 14. Nf3 Bb7 15. Rac1 Rc8 16. Qd2 Ng7 17. h3 h5 18. Rfd1 Nc5 19. Bb1 Rfd8 20. Nd4 h4 21. Qe1 Nh5 22. Ba3 Qg5 23. Nf3 Qe7 24. Qb4 Ng7 25. Nxh4 d4 26. Rxd4 Rxd4 27. Qxd4 Rd8 28. Qg4 Nf5 29. Bxf5 exf5 30. Nxf5 Qf8 31. Nd6 Bc8 32.
Qh4 Ne6 33. Nc4 Qe8 34. Be7 Rd5 35. Nd6 1-0

[Event "Early-Titled-Tuesday-Blitz-October-24-2023"]
[Site "Chess.com"]
[Date "2023.10.24"]
[Round "6"]
[White "motivated_bishop"]
[Black "Fonsofan"]
[Result "0-1"]
[WhiteElo "2543"]
[BlackElo "2733"]
[TimeControl "180+1"]
[EndTime "9:04:22 PDT"]
[Termination "Fonsofan won by resignation"]

1. d4 Nf6 2. c4 d6 3. Nf3 g6 4. Nc3 Bf5 5. g3 Bg7 6. Bg2 c6 7. O-O O-O 8. Nh4 Be6 9. b3 d5 10. c5 b6 11. b4 a5 12. Na4 Nfd7 13. f4 axb4 14. f5 Bxf5 15. Nxf5 gxf5 16. Rxf5 Rxa4 17. Qxa4 Bxd4+ 18. Kh1 Bxa1 19. Bh6 e6 20. Rf4 bxc5 21. Qd1 Be5 22. Rg4+ Kh8 23. Bxf8 Nxf8 24. e4 d4 25. Bf1 Nbd7 26. Qf3 Qf6 27. Qg2 Nb6 28. Rh4 Ng6 29. Rh5 c4 30. Qh3 d3 31. Rxh7+ Kg8 32. Rh5 Bd4 33.
Qg2 d2 34. Be2 c3 35. Ra5 c2 0-1

[Event "Early-Titled-Tuesday-Blitz-October-24-2023"]
[Site "Chess.com"]
[Date "2023.10.24"]
[Round "6"]
[White "GMJustin"]
[Black "ylr5000"]
[Result "0-1"]
[WhiteElo "2222"]
[BlackElo "2441"]
[TimeControl "180+1"]
[EndTime "9:04:22 PDT"]
[Termination "ylr5000 won on time"]

1. d4 Nf6 2. c4 g6 3. h4 h5 4. Nc3 Bg7 5. e4 d6 6. Nf3 O-O 7. Be2 Bg4 8. Ng5 Bxe2 9. Qxe2 c5 10. d5 a6 11. Bd2 Nbd7 12. O-O b5 13. cxb5 axb5 14. Nxb5 Qb6 15. Bc3 Rfb8 16. a4 Ne8 17.
Bxg7 Kxg7 18. Qf3 Ne5 19. Qc3 Kg8 20. b4 cxb4 21. Qxb4 Nc7 22. Rfb1 Nxb5 23. axb5 Rxa1 24. Rxa1 Qxb5 25. Qxb5 Rxb5 26. Ra7 Kf8 27. Ra8+ Kg7 28. Ra7 Ng4 29. g3 Kf6 30. Nh7+ Kg7 31. Ng5 Rb1+ 32. Kg2 Rb2 0-1

[Event "Early-Titled-Tuesday-Blitz-October-24-2023"]
[Site "Chess.com"]
[Date "2023.10.24"]
[Round "6"]
[White "Boundless_Strike"]
[Black "venturov"]
[Result "1-0"]
[WhiteElo "2624"]
[BlackElo "2487"]
[TimeControl "180+1"]
[EndTime "9:04:24 PDT"]
[Termination "Boundless_Strike won by checkmate"]

1. d4 Nf6 2. f3 d5 3. e4 dxe4 4. Nc3 exf3 5. Nxf3 Bg4 6. h3 Bxf3 7. Qxf3 c6 8. g4 e6 9. g5 Nd5 10. Bd3 Be7 11.
h4 Nd7 12. Rf1 O-O 13. Qe4 g6 14. Bd2 N7b6 15. Ne2 Qd7 16. O-O-O f5 17. gxf6 Nxf6 18. Qe3 Rae8 19. Qg3 Bd6 20. Qg2 Kh8 21. Bh6 Rf7 22. h5 Nxh5 23. Bxg6 hxg6 24. Qxg6 Rxf1 25. Rxf1 Rg8 26.
Qxh5 Qh7 27. Rf7 Qg6 28. Bg7# 1-0

[Event "Early-Titled-Tuesday-Blitz-October-24-2023"]
[Site "Chess.com"]
[Date "2023.10.24"]
[Round "6"]
[White "surrenderPLS"]
[Black "DarZay"]
[Result "1-0"]
[WhiteElo "2522"]
[BlackElo "2257"]
[TimeControl "180+1"]
[EndTime "9:04:25 PDT"]
[Termination "surrenderPLS won on time"]

1. e4 c5 2. Nf3 Nc6 3. Nc3 Nf6 4.
Bb5 Nd4 5. O-O Nxb5 6. Nxb5 d6 7. Nc3 Bd7 8. d4 cxd4 9. Qxd4 e6 10. Qd3 Be7 11.
Bf4 Bc6 12. Rad1 e5 13. Bg5 O-O 14. Bxf6 gxf6 15. Nh4 Bd7 16. Nd5 f5 17. Nxf5 Bxf5 18. exf5 f6 19. Rfe1 Rc8 20. Re4 Kh8 21. c3 Rc6 22. a3 Rg8 23. g3 b6 24. Rh4 Rg7 25. Qe4 b5 26. Nxe7 Rc4 27. Ng6+ Rxg6 28. Rxh7+ Kg8 29. Qd5+ Kxh7 30. fxg6+ Kxg6 31. Qxb5 Qc7 32. Rxd6 Rxc3 33. Qxe5 1-0

[Event "Early-Titled-Tuesday-Blitz-October-24-2023"]
[Site "Chess.com"]
[Date "2023.10.24"]
[Round "6"]
[White "AsselLesbekova"]
[Black "Laico"]
[Result "1-0"]
[WhiteElo "2244"]
[BlackElo "2380"]
[TimeControl "180+1"]
[EndTime "9:04:25 PDT"]
[Termination "AsselLesbekova won by resignation"]

1. e4 e6 2. d4 d5 3. Nc3 Nf6 4. e5 Nfd7 5. f4 c5 6. Nf3 Nc6 7. Ne2 cxd4 8. Nexd4 Bc5 9. c3 O-O 10. Be2 Qe7 11. Be3 f6 12. exf6 Nxf6 13. Nxc6 bxc6 14.
Bxc5 Qxc5 15. Qd4 Qd6 16. Qe5 Qc5 17. Qd4 Qe7 18. Ne5 c5 19. Qd2 Ne4 20. Qe3 Bb7 21. O-O Qd6 22. Rad1 Qb6 23. Nd7 Qxb2 24. Nxf8 Rxf8 25.
Rb1 Qxc3 26. Qxc3 Nxc3 27. Rxb7 Nxe2+ 28. Kh1 Rf7 29. Rb8+ Rf8 30. Rb7 Rc8 31. f5 e5 32.
f6 gxf6 33. Rxf6 Rf8 34. Rxf8+ Kxf8 35. Rxa7 c4 36. a4 c3 37. a5 c2 38. Rc7 c1=Q+ 39.
Rxc1 Nxc1 40. a6 1-0

[Event "Early-Titled-Tuesday-Blitz-October-24-2023"]
[Site "Chess.com"]
[Date "2023.10.24"]
[Round "6"]
[White "AlexPapasimakopoulos"]
[Black "AndrewB92"]
[Result "1-0"]
[WhiteElo "2682"]
[BlackElo "2477"]
[TimeControl "180+1"]
[EndTime "9:04:26 PDT"]
[Termination "AlexPapasimakopoulos won by resignation"]

1. d4 Nf6 2. c4 e6 3. Nc3 d5 4. cxd5 exd5 5. Bg5 c6 6. e3 Bf5 7. Qf3 Bg6 8. Bxf6 Qxf6 9. Qxf6 gxf6 10. Nf3 Nd7 11.
Nh4 Bd6 12. Kd2 O-O-O 13. Bd3 Rde8 14. Nf5 Bc7 15. Rac1 Kb8 16. h4 h5 17. Rcg1 Nb6 18.
b3 Nc8 19. g4 Nd6 20. Nxd6 Bxd6 21. Bxg6 fxg6 22. gxh5 gxh5 23. Rg6 Be7 24. Ne2 Reg8 25. Nf4 Bd8 26. Rxg8 Rxg8 27. Nxh5 f5 28. Ng3 f4 29. exf4 Rg4 30. h5 Rxf4 31. h6 Rxf2+ 32. Ke3 Rxa2 33. h7 Bf6 34. Rh6 Bh8 35. Rg6 Kc7 36. Rg8 Rg2 37. Kf3 Rh2 38. Rxh8 Kb6 39. Kg4 Rxh7 40. Rxh7 a5 41. Kf4 Ka6 42. Ke3 b6 43.
Nf5 Kb5 44. Rb7 c5 45. dxc5 Kxc5 46. Nd4 a4 47. bxa4 1-0

[Event "Early-Titled-Tuesday-Blitz-October-24-2023"]
[Site "Chess.com"]
[Date "2023.10.24"]
[Round "6"]
[White "FoxOnTheRun97"]
[Black "Hasangatin_Ramil"]
[Result "1-0"]
[WhiteElo "2558"]
[BlackElo "2711"]
[TimeControl "180+1"]
[EndTime "9:04:26 PDT"]
[Termination "FoxOnTheRun97 won by checkmate"]

1. d4 d5 2. c4 c6 3. Nf3 dxc4 4. a4 Nf6 5. Bf4 Nd5 6. Bxb8 Rxb8 7. e4 Nf6 8. Bxc4 Bg4 9. Bxf7+ Kxf7 10. Ne5+ Ke8 11. Nxg4 Nxg4 12. Qxg4 Qxd4 13. Nc3 Qc4 14. O-O-O Kf7 15.
Qf5+ Kg8 16. Rd5 g6 17. Qe6+ Kg7 18. Qe5+ Kg8 19. Rd4 Qf7 20. Qxb8 h5 21. Kb1 Qxf2 22. Rd8 Kg7 23. Qxb7 Qxg2 24. Rhd1 Qxh2 25. Qxa7 h4 26. Qd4+ Kh7 27. Rf1 Bg7 28. Rf7 e5 29. Rxh8+ Kxh8 30. Qd8+ Kh7 31. Qe7 Qg1+ 32. Ka2 Qd4 33. Rxg7+ Kh6 34. Rh7# 1-0

[Event "Early-Titled-Tuesday-Blitz-October-24-2023"]
[Site "Chess.com"]
[Date "2023.10.24"]
[Round "6"]
[White "profedechess93"]
[Black "ExcitingTrap"]
[Result "1-0"]
[WhiteElo "2603"]
[BlackElo "2369"]
[TimeControl "180+1"]
[EndTime "9:04:26 PDT"]
[Termination "profedechess93 won by resignation"]

1. e4 e5 2. Nf3 Nc6 3. Bc4 Bc5 4. b4 Bxb4 5. c3 Be7 6. d4 d6 7. Qb3 Be6 8. Bxe6 fxe6 9. Qxb7 Na5 10. Qa6 c6 11.
dxe5 d5 12. O-O Qb6 13. Qe2 O-O-O 14. Be3 Bc5 15. Bxc5 Qxc5 16. Nd4 Kd7 17. Qg4 Qe7 18. exd5 cxd5 19. Nd2 Nh6 20. Qe2 Qc5 21. Rab1 Rb8 22. Qa6 Nc6 23. Nxc6 Qxc6 24. Qxa7+ Qc7 25. Qa4+ Ke7 26.
c4 Qxe5 27. Qa7+ Kf6 28. Nf3 Qd6 29. c5 Qf4 30. g3 Qxf3 31. Rxb8 Rxb8 32. Qxb8 Qe4 33.
Qf4+ Qxf4 34. gxf4 1-0

[Event "Early-Titled-Tuesday-Blitz-October-24-2023"]
[Site "Chess.com"]
[Date "2023.10.24"]
[Round "6"]
[White "Elsa167"]
[Black "nihalsarin"]
[Result "0-1"]
[WhiteElo "2868"]
[BlackElo "3123"]
[TimeControl "180+1"]
[EndTime "9:04:27 PDT"]
[Termination "nihalsarin won on time"]

1. d4 a6 2. e4 e6 3. c4 d5 4. cxd5 exd5 5. exd5 Qxd5 6. Nc3 Bb4 7. Nf3 Nc6 8. Bd3 Bg4 9. O-O Bxc3 10. bxc3 Bxf3 11. Re1+ Nge7 12. Qxf3 Qxf3 13. gxf3 O-O-O 14. Bd2 Ng6 15. Be4 Na5 16. Rab1 b5 17. a4 Nc4 18.
Bg5 f6 19. axb5 Nd6 20. Bxg6 hxg6 21. Bf4 Nxb5 22. Rb3 Rhe8 23. Ra1 Re6 24. Be3 Rc6 25. Bd2 Rd5 26. Kg2 Nd6 27. Be1 a5 28. Rba3 Nc4 29. Ra4 Kb7 30. Kf1 Ka6 31. Ke2 Rh5 32. R1a2 Kb5 33.
Kd3 Nb2+ 34. Rxb2+ Kxa4 35. c4 Ka3 36. Rb1 Ka2 0-1

[Event "Early-Titled-Tuesday-Blitz-October-24-2023"]
[Site "Chess.com"]
[Date "2023.10.24"]
[Round "6"]
[White "Vesper2018"]
[Black "diamonds13"]
[Result "1-0"]
[WhiteElo "2592"]
[BlackElo "2315"]
[TimeControl "180+1"]
[EndTime "9:04:27 PDT"]
[Termination "Vesper2018 won by resignation"]

1. e4 c5 2. Nc3 Nc6 3. Bb5 Nd4 4. Bc4 e6 5. Nge2 a6 6. a4 Nf6 7. O-O d5 8. exd5 exd5 9. Ba2 Be7 10. Nxd4 cxd4 11. Ne2 d3 12. cxd3 d4 13. b4 Bf5 14.
Bb2 Bxd3 15. Bxf7+ Kf8 16. Nf4 Bf5 17. Ne6+ Bxe6 18.
Bxe6 Qd6 19. Re1 Re8 20. Qf3 h5 21. Qxb7 Ng4 22. g3 Ne5 23. Bf5 h4 24. Qe4 Bf6 25. f4 hxg3 26. hxg3 Qb8 27. fxe5 Rxe5 28. Qf3 Rh5 29.
Bg4 Rhg5 30. b5 Kg8 31. Rxe5 Rxe5 32. Rc1 axb5 33. Rc8+ 1-0

[Event "Early-Titled-Tuesday-Blitz-October-24-2023"]
[Site "Chess.com"]
[Date "2023.10.24"]
[Round "6"]
[White "CHENNAIBOND"]
[Black "randomo"]
[Result "0-1"]
[WhiteElo "1675"]
[BlackElo "2277"]
[TimeControl "180+1"]
[EndTime "9:04:28 PDT"]
[Termination "randomo won by resignation"]

1. e4 e5 2. Nf3 Nc6 3. Bb5 Bc5 4. O-O Qf6 5. Nc3 Nge7 6. d3 h6 7. Be3 Bb6 8. a4 O-O 9. Bxc6 bxc6 10. a5 Bd4 11. Bxd4 exd4 12. e5 Qe6 13. Nxd4 Qxe5 14. Nf3 Qf4 15. Qd2 Qf6 16. Rfe1 Ng6 17. Ne4 Qd8 18. Qc3 d5 19. Ng3 Qd6 20. d4 Nf4 21. Ne5 Bd7 22. Qf3 Ng6 23. Nf5 Bxf5 24. Qxf5 Rad8 25.
c3 Nh4 26. Qg4 Ng6 27. Nxg6 Qxg6 28. Qxg6 fxg6 29. Re7 Rf7 30. Rae1 Rdf8 31. f3 g5 32. R7e6 Rf6 33. Re7 R6f7 34. Rxf7 Kxf7 35. Re6 Kxe6 0-1

[Event "Early-Titled-Tuesday-Blitz-October-24-2023"]
[Site "Chess.com"]
[Date "2023.10.24"]
[Round "6"]
[White "Iball95"]
[Black "Grischuk"]
[Result "1/2-1/2"]
[WhiteElo "2857"]
[BlackElo "2993"]
[TimeControl "180+1"]
[EndTime "9:04:29 PDT"]
[Termination "Game drawn by repetition"]

1. e4 e5 2. Nf3 Nc6 3. Nc3 Nf6 4. Bb5 Bd6 5. a3 O-O 6. d3 a6 7. Bc4 Be7 8. h3 d6 9. Nd5 Nxd5 10. Bxd5 Kh8 11. d4 Nxd4 12. Nxd4 exd4 13. Qxd4 c6 14. Ba2 f5 15. O-O Bf6 16. Qd3 fxe4 17. Qxe4 d5 18. Qd3 Be5 19. c3 Bf5 20. Qe2 Qf6 21. Be3 Rae8 22. Rae1 Qg6 23. Kh1 Bd3 24. Bb1 Bxb1 25.
Rxb1 Bf4 26. Rbe1 Bxe3 27. fxe3 Rxf1+ 28. Rxf1 h6 29. Rf3 Kh7 30. Qf2 Re6 31. Rf7 b5 32.
Kh2 a5 33. Rf4 a4 34. Kh1 Qd3 35. Rf3 Qe4 36. Kh2 Qe5+ 37. Kh1 Rg6 38. Rf4 Re6 39. Rf3 Qe4 40. Kh2 Re7 41. Kh1 Re6 1/2-1/2

[Event "Early-Titled-Tuesday-Blitz-October-24-2023"]
[Site "Chess.com"]
[Date "2023.10.24"]
[Round "6"]
[White "Blitzstream"]
[Black "Aswathchess"]
[Result "1-0"]
[WhiteElo "2851"]
[BlackElo "2656"]
[TimeControl "180+1"]
[EndTime "9:04:29 PDT"]
[Termination "Blitzstream won by checkmate"]

1. d4 Nf6 2. Bg5 d5 3. Nd2 c6 4. e3 h6 5. Bxf6 exf6 6. c4 dxc4 7. Bxc4 Bd6 8. Ngf3 O-O 9. O-O Nd7 10. Re1 Nb6 11. Bf1 Bg4 12. g3 Re8 13. Bg2 Bc7 14. Qc2 Nd5 15. a3 Qd7 16. Rac1 Bd6 17. Nb3 Rac8 18. Nc5 Qe7 19. Nh4 b6 20. h3 bxc5 21. hxg4 cxd4 22. Nf5 Qd7 23. exd4 Rxe1+ 24. Rxe1 Bf8 25. Rc1 g6 26. Nh4 c5 27. Qb3 Nb6 28. dxc5 Rxc5 29. Rxc5 Bxc5 30. Nxg6 Qd4 31. Nf4 Qxf2+ 32. Kh2 Be3 33.
Qb4 a5 34. Qe4 Qe1 35. Qf3 Nc4 36. Nh5 Bg5 37. Qa8+ Kh7 38. Be4+ f5 39. Bxf5# 1-0

[Event "Early-Titled-Tuesday-Blitz-October-24-2023"]
[Site "Chess.com"]
[Date "2023.10.24"]
[Round "6"]
[White "Makswolf200817"]
[Black "santosalberto1987"]
[Result "0-1"]
[WhiteElo "2615"]
[BlackElo "2420"]
[TimeControl "180+1"]
[EndTime "9:04:30 PDT"]
[Termination "santosalberto1987 won by resignation"]

1. e4 e6 2. d4 d5 3. Nc3 Nf6 4. Bg5 Bb4 5. e5 h6 6. Bd2 Bxc3 7. bxc3 Ne4 8. Bc1 c5 9. Ne2 cxd4 10. cxd4 Qa5+ 11. c3 Nc6 12. Qc2 Bd7 13. f3 Ng5 14.
h4 Nh7 15. Kf2 Rc8 16. a4 Qd8 17. Ba3 Na5 18. Rh3 Nc4 19. Bc1 O-O 20. Nf4 f5 21. exf6 Nxf6 22. Ng6 Re8 23. Bxc4 Rxc4 24. Ne5 Rf8 25. Nxc4 dxc4 26. Kg1 e5 27. Rg3 exd4 28. cxd4 Kh8 29. Qg6 Qe7 30. Ba3 Qe3+ 31. Kh2 Rg8 32. Rb1 Qxa3 33. Rxb7 Qd6 34. Kh1 c3 35. Rb3 Qxd4 36.
Qc2 Qxh4+ 0-1

[Event "Early-Titled-Tuesday-Blitz-October-24-2023"]
[Site "Chess.com"]
[Date "2023.10.24"]
[Round "6"]
[White "mariaesthergranados"]
[Black "YairParkhov"]
[Result "0-1"]
[WhiteElo "2122"]
[BlackElo "2655"]
[TimeControl "180+1"]
[EndTime "9:04:30 PDT"]
[Termination "YairParkhov won by resignation"]

1. e4 c6 2. Nc3 d5 3. Nf3 dxe4 4.
Nxe4 Nf6 5. Qe2 Nxe4 6. Qxe4 Qa5 7. b4 Qf5 8. Bd3 Qxe4+ 9. Bxe4 Nd7 10. O-O Nf6 11.
Bd3 Bg4 12. Ne5 a6 13. Nxg4 Nxg4 14. Re1 e6 15. a3 Bd6 16. h3 Ne5 17. Be2 O-O 18.
d4 Ng6 19. c4 Rfd8 20. Bb2 Be7 21. Rad1 Bf6 22. Ba1 Ne7 23. Bf3 a5 24. b5 cxb5 25. cxb5 Nd5 26. Rc1 Rac8 27. Red1 Be7 28. Bb2 Bg5 29. Rc5 b6 30. Rxc8 Rxc8 31. Bxd5 exd5 32. Re1 Bf6 33. Rd1 a4 34. Kf1 Rc2 35. Ba1 g6 36. Ke1 Be7 37. Rd2 Rc1+ 38. Rd1 Bxa3 39. Rxc1 Bxc1 40.
Kd1 Ba3 41. Kc2 Bd6 42. Bc3 Kf8 43. Bd2 Ke7 44. Bg5+ Ke6 45. Bd8 h5 46. Bxb6 Kd7 47.
Bc5 Bxc5 48. dxc5 d4 49. b6 Kc6 50. Kd3 a3 51. Kc2 a2 52. Kb2 d3 53. b7 Kxb7 54.
Kxa2 d2 55. Kb2 d1=Q 0-1

[Event "Early-Titled-Tuesday-Blitz-October-24-2023"]
[Site "Chess.com"]
[Date "2023.10.24"]
[Round "6"]
[White "abelmat"]
[Black "Kostukov_Alex"]
[Result "0-1"]
[WhiteElo "2008"]
[BlackElo "2423"]
[TimeControl "180+1"]
[EndTime "9:04:32 PDT"]
[Termination "Kostukov_Alex won on time"]

1. d4 g6 2. c4 Bg7 3. Nc3 d6 4. e4 e5 5. Nge2 exd4 6. Nxd4 Nc6 7. Be3 Nge7 8. Qd2 O-O 9. O-O-O f5 10. f3 fxe4 11. fxe4 Nxd4 12. Bxd4 Bxd4 13. Qxd4 Nc6 14. Qd5+ Kg7 15. h4 h6 16. Kb1 Bg4 17. Be2 Bxe2 18. Nxe2 Qe7 19. h5 Rae8 20. Nc3 g5 21. Rhf1 Qe5 22. Qb5 Qxb5 23. cxb5 Ne5 24. Nd5 c6 25.
Nc7 Re7 26. Rxf8 Kxf8 27. Rxd6 Rxc7 28. Rxh6 cxb5 29. Rh8+ Kg7 30. Rd8 g4 31. Re8 Nd3 32. a3 a5 33. e5 a4 34. e6 Rc1+ 35.
Ka2 Re1 36. Rb8 Nc1+ 37. Kb1 Nb3+ 38. Kc2 Rxe6 39. Rxb7+ Kh6 40. Kc3 Rc6+ 0-1

[Event "Early-Titled-Tuesday-Blitz-October-24-2023"]
[Site "Chess.com"]
[Date "2023.10.24"]
[Round "6"]
[White "SargissyanSargis"]
[Black "Zavgorodniy_Sergiy"]
[Result "0-1"]
[WhiteElo "2406"]
[BlackElo "2696"]
[TimeControl "180+1"]
[EndTime "9:04:33 PDT"]
[Termination "Zavgorodniy_Sergiy won on time"]

1. e4 c6 2. d4 d5 3. e5 Bf5 4. h4 h5 5. c4 e6 6. Nc3 Bb4 7. Ne2 dxc4 8. Ng3 Bg6 9. Bxc4 Bxc3+ 10. bxc3 b5 11. Be2 Ne7 12. Bxh5 Bxh5 13. Nxh5 Nf5 14.
Bg5 Qa5 15. Bd2 Nd7 16. g4 g6 17. gxf5 Rxh5 18. fxe6 fxe6 19. Qg4 Nf8 20. Qe4 Rc8 21. Rg1 Rf5 22. Rg5 Qa4 23. h5 Rxg5 24. Bxg5 gxh5 25.
Qf3 Qc2 26. Qxh5+ Ng6 27. Rc1 Qe4+ 28. Kd2 Qf5 29. f4 c5 30. d5 Qe4 31. Qh7 exd5 32. Qg8+ Kd7 33. Qf7+ Kc6 34. Qe6+ Kb7 35. f5 Nxe5 36.
Re1 Nf3+ 0-1